 Dungeon Crawl Stone Soup version 0.30.0-17-ge0270778cf (webtiles) character file.

Game seed: 4043887688100883633

4337 jlumianski the Cleaver (level 10, -2/76 HPs)
             Began as a Demonspawn Fighter on May 22, 2023.
             Was a Believer of Okawaru.
             Killed by divine providence
             ... invoked by an orc priest
              (13 damage)
             ... on level 10 of the Dungeon.
             The game lasted 00:30:33 (8861 turns).

jlumianski the Cleaver (Demonspawn Fighter)         Turns: 8861, Time: 00:30:34

Health: -2/76      AC: 30    Str: 20    XL:     10   Next: 12%
Magic:  14/14      EV:  6    Int: 10    God:    Okawaru [**....]
Gold:   99         SH: 10    Dex: 19    Spells: 9/9 levels left

rFire   . . .        a - +0 war axe
rCold   . . .        c - +0 buckler
rNeg    . . .        v - +0 plate armour
rPois   .            G - +2 helmet
rElec   .            (no cloak)
rCorr   .            y - +2 pair of gloves
SInv    .            C - +1 pair of boots
Will    .....        (no amulet) Stlth
                     m - +6 ring of dexterity
HPRegen 0.32/turn    s - +4 ring of protection
MPRegen 0.14/turn

%: no passive effects
@: no status effects
A: icemail 1, spiny 2, sharp scales 1, condensation shield
a: Renounce Religion, Heroism


You were on level 10 of the Dungeon.
You worshipped Okawaru.
Okawaru was pleased with you.
You visited 2 branches of the dungeon, and saw 11 of its levels.

You collected 557 gold pieces.
You spent 458 gold pieces at shops.

Inventory:

Hand Weapons
 a - a +0 war axe (weapon)
 d - the +3 hammer of Premature Burial {protect, rC- rN+ Will+ Dex+3}
   (You found it on level 3 of the Dungeon)

   Dex:       It affects your dexterity (+3).
   rC:        It makes you vulnerable to cold.
   rN:        It protects you from negative energy.
   Will:      It increases your willpower.
 I - the +5 sling "Undertaker" {flame, Drain rPois rN+ Str+2}
   (You found it on level 6 of the Dungeon)

   Str:       It affects your strength (+2).
   rPois:     It protects you from poison.
   rN:        It protects you from negative energy.
   Drain:     It drains your maximum health when unequipped.
Missiles
 h - 9 poisoned darts (quivered)
 K - 2 throwing nets
Armour
 c - a +0 buckler (worn)
 i - a +0 pair of gloves
 n - a +0 cloak
 v - a +0 plate armour (worn)
 y - a +2 pair of gloves (worn)
 C - a +1 pair of boots (worn)
 G - a +2 helmet (worn)
Jewellery
 m - a +6 ring of dexterity (left hand)
 s - a +4 ring of protection (right hand)
 D - a ring of protection from cold
Wands
 b - a wand of flame (8)
 E - a wand of light (7)
 P - a wand of mindburst (18)
Scrolls
 g - 5 scrolls of teleportation
 l - a scroll of butterflies
 o - a scroll of fear
 q - a scroll of fog
 u - a scroll of brand weapon {unknown}
 w - a scroll of poison {unknown}
 A - a scroll of acquirement {unknown}
 F - a scroll of vulnerability {unknown}
 H - a scroll of silence {unknown}
 L - a scroll of magic mapping
 N - a scroll of blinking
Potions
 e - a potion of lignification
 f - a potion of invisibility
 j - 2 potions of magic
 k - 3 potions of attraction
 p - a potion of haste
 r - 6 potions of curing
 t - a potion of cancellation
 z - a potion of flight
 J - a potion of ambrosia
 M - a potion of berserk rage


   Skills:
 + Level 5.8 Fighting
 + Level 8.9 Axes
 + Level 0.8 Throwing
 + Level 6.2 Armour
 + Level 1.4 Dodging
 + Level 1.0 Stealth
 + Level 5.7 Shields
 * Level 6.5 Invocations


You had 9 spell levels left.
You didn't know any spells.
Your spell library contained the following spells:

 Spells                   Type           Power      Damage    Failure   Level
 Apportation              Tloc           0%         N/A       100%        1
 Magic Dart               Conj           0%         1d3       100%        1
 Necrotise                Necr           0%         1d4       100%        1
 Slow                     Hex            0%         N/A       100%        1
 Blink                    Tloc           0%         N/A       100%        2
 Lesser Beckoning         Tloc           0%         N/A       100%        2
 Momentum Strike          Conj/Tloc      0%         3d8       100%        2
 Poisonous Vapours        Pois/Air       0%         N/A       100%        2
 Searing Ray              Conj           0%         2d4       100%        2
 Confusing Touch          Hex            0%         N/A       100%        3
 Mephitic Cloud           Conj/Pois/Air  0%         N/A       100%        3
 Vampiric Draining        Necr           0%         2d6       100%        3
 Fulminant Prism          Conj/Hex       0%         3d5       100%        4
 Manifold Assault         Tloc           0%         N/A       100%        4
 Agony                    Necr           0%         N/A       100%        5
 Alistair's Intoxication  Tmut/Pois      0%         N/A       100%        5
 Freezing Cloud           Conj/Ice/Air   0%         6-21      100%        5
 Iskenderun's Battlesphe  Conj           0%         2d6       100%        5
 Iron Shot                Conj/Erth      0%         9d1       100%        6
 Enfeeble                 Hex            0%         N/A       100%        7
 Storm Form               Tmut/Air       0%         N/A       100%        7
 Call Imp                 Summ           Unusable   N/A       N/A         2
 Tukima's Dance           Hex            Unusable   N/A       N/A         3
 Summon Ice Beast         Ice/Summ       Unusable   N/A       N/A         4
 Summon Mana Viper        Hex/Summ       Unusable   N/A       N/A         5
 Monstrous Menagerie      Summ           Unusable   N/A       N/A         7
 Spellforged Servitor     Conj/Summ      Unusable   N/A       N/A         7

Dungeon Overview and Level Annotations

Branches:
Dungeon (10/15)            Temple (1/1) D:6            Lair (0/5) D:8
    Orc: D:9-12

Altars:
Ashenzari
Cheibriados
Dithmenos
Fedhas
Gozag
Hepliaklqana
Kikubaaqudgha
Makhleb
Nemelex Xobeh
Okawaru
Qazlal
Ru
Sif Muna
Trog
Uskayaw
Vehumet
Wu Jian
Xom
Yredelemnul

Shops:
D:2 *   D:6 *   D:7 !:[?


Innate Abilities, Weirdness & Mutations

A meltable icy envelope protects you from harm. (AC +4)
You are mostly covered in sharp spines.
You are partially covered in razor-sharp scales. (AC +1, Slay +1)
A meltable shield of frost defends you. (SH +4)


Message History

The orc hits you but does no damage.
You barely miss the orc wizard.
The orc wizard is heavily wounded.
You hit the orc but do no damage.
The orc priest mumbles some strange prayers to Beogh against you.
Beogh smites you!
* * * LOW HITPOINT WARNING * * *
You block the orc's attack.
The orc wizard hits you but does no damage.
You feel better. You block the orc's attack. x2
The orc wizard points at you and mumbles some strange words.
The magic dart hits you but does no damage.
You closely miss the orc wizard.
The orc wizard is moderately wounded.
You slash the orc!
You kill the orc!
Okawaru accepts your kill.
You closely miss the orc. You block the orc's attack.
You block the orc wizard's attack.
You hit the orc wizard.
The orc wizard is severely wounded.
You hit the orc. x2
You kill the orc!
Okawaru accepts your kill.
The orc priest invokes the aid of Beogh against you.
Beogh smites you!
* * * LOW HITPOINT WARNING * * *
You block the orc's attack. You block the orc wizard's attack.
You feel better. The orc is struck by your spines.
You kill the orc!
Okawaru accepts your kill. The orc wizard barely misses you.
You slash the orc wizard!
You kill the orc wizard!
Okawaru accepts your kill.
You hit the orc priest.
The orc priest is lightly wounded.
The orc priest mumbles some strange prayers to Beogh against you.
Beogh smites you!
You die...

,,,,,,,**,,,,,,,,,,,,,,****,,***
,,,,,,,,*****,,,*,,,,,,,*,,,**
,,,,,,,,*####,,,*,,,,,,,#..**
*,,<,,,,,.....,**,,.....#..*
**,,,,,,,.....,**,,........######
*,,,,,,,,......****...#..##......
,,,,,,,,,......###**#....##......
,,,,,,,,,......))####....##......
**,,,,,,,......o@...#..#..#......
,,,,,,,,>......###.....##..†.....
,,,,,,,,,....#,,#.........[......
*,,,*,*,,...,,#.......####).#####
,,,,*,*,,.,,............*##...#
*,*,,,*,,**,..#..####.#..##.#.#
,,,,,,,,,,,,#..#.*,,..#.....#.#
,,,,,,,,,,,,.....,,,.........<#
,,,,,,,,,,,,.?..,,,#####.....##**


You could see an orc priest.

Vanquished Creatures
  A cyclops (D:7)
  An unseen horror (D:10)
  A troll (D:10)
  A hornet (D:7)
  2 wyverns
  An acid dragon (D:10)
  A water moccasin (D:9)
  2 ice beasts
  2 sky beasts
  2 ogres (D:5)
  2 centaurs
  A phantom (D:5)
  4 bullfrogs
  3 scorpions (D:5)
  8 killer bees
  4 howler monkeys
  2 gnoll boudas
  2 hounds
  2 jellies
  3 orc priests
  A sleepcap (D:4)
  Crazy Yiuf (D:3)
  Terence (D:2)
  9 orc wizards
  3 iguanas
  Robin (D:3)
  16 gnolls
  7 adders
  2 shadow imps
  2 white imps
  An ufetubus (D:5)
  3 dart slugs
  2 worms (D:2)
  18 orcs
  6 ball pythons
  4 endoplasms
  6 giant cockroaches
  18 goblins
  8 hobgoblins
  A jackal (D:1)
  8 quokkas
  3 bats
  4 frilled lizards
  A kobold (D:1)
  6 rats
177 creatures vanquished.

Notes
Turn   | Place    | Note
-------+----------+-------------------------------------------
     0 | D:1      | jlumianski the Demonspawn Fighter began the quest for the
                  | Orb.
     0 | D:1      | Reached XP level 1. HP: 18/18 MP: 1/1
   168 | D:1      | Got the Incunabulum of Execration
   203 | D:1      | Gained mutation: You are partially covered in razor-sharp
                  | scales. (AC +1, Slay +1) [demonic ancestry]
   203 | D:1      | Reached XP level 2. HP: 21/24 MP: 2/2
   306 | D:1      | Reached skill level 2 in Axes
   492 | D:2      | Gained mutation: A meltable shield of frost defends you.
                  | (SH +4) [demonic ancestry]
   492 | D:2      | Reached XP level 3. HP: 27/29 MP: 3/3
   770 | D:2      | Found Ewugery's Assorted Antiques.
   779 | D:2      | Bought a scroll labelled HIUDDIX GUOLIM for 27 gold pieces
   779 | D:2      | Bought a scroll labelled ZEAWU UQ AWNAM for 27 gold pieces
  1297 | D:2      | Reached XP level 4. HP: 33/35 MP: 4/4
  2101 | D:5      | Entered Level 5 of the Dungeon
  2128 | D:5      | Found an ornate altar of the Wu Jian Council.
  2157 | D:5      | Noticed an ogre
  2189 | D:4      | Reached skill level 3 in Axes
  2289 | D:4      | Reached XP level 5. HP: 36/41 MP: 5/5
  2567 | D:5      | Reached skill level 4 in Axes
  2649 | D:5      | Gained mutation: A meltable icy envelope protects you from
                  | harm. (AC +4) [demonic ancestry]
  2649 | D:5      | Reached XP level 6. HP: 39/48 MP: 6/6
  3495 | D:3      | Noticed Robin
  3495 | D:3      | Noticed Terence
  3531 | D:2      | Killed Terence
  3662 | D:3      | Killed Robin
  3740 | D:3      | Found a runed translucent door.
  3741 | D:3      | Noticed Crazy Yiuf
  3746 | D:3      | Killed Crazy Yiuf
  3751 | D:3      | Identified the +3 hammer of Premature Burial {protect, rC-
                  | rN+ Will+ Dex+3}
  3920 | D:5      | Reached XP level 7. HP: 36/54 MP: 7/7
  3996 | D:5      | Reached skill level 5 in Axes
  4069 | D:5      | Noticed a wyvern
  4104 | D:5      | HP: 1/54 [wyvern (9)]
  4106 | D:5      | Killed a wyvern
  4325 | D:5      | Reached skill level 6 in Axes
  4402 | D:5      | You fall into a shaft and drop 1 floor!
  4713 | D:5      | Gained mutation: You are partially covered in sharp spines.
                  | [demonic ancestry]
  4713 | D:5      | Reached XP level 8. HP: 22/61 MP: 8/8
  4878 | D:6      | Identified the +5 sling "Undertaker" {flame, Drain rPois
                  | rN+ Str+2}
  4890 | D:6      | Found a staircase to the Ecumenical Temple.
  4898 | Temple   | Entered the Ecumenical Temple
  5028 | Temple   | Became a worshipper of Warmaster Okawaru
  5057 | D:6      | Reached skill level 5 in Armour
  5057 | D:6      | Reached skill level 1 in Invocations
  5555 | D:7      | Reached skill level 7 in Axes
  5612 | D:7      | Reached * piety under Okawaru
  5616 | D:7      | Found Enied's Magic Scroll Shop.
  5619 | D:7      | Bought a scroll of identify for 20 gold pieces
  5619 | D:7      | Bought a scroll of enchant weapon for 75 gold pieces
  5619 | D:7      | Bought a scroll of magic mapping for 75 gold pieces
  5619 | D:7      | Bought a scroll of enchant weapon for 75 gold pieces
  5619 | D:7      | Bought a scroll of blinking for 75 gold pieces
  5676 | D:6      | Found Onirustrywn's Fire Supplies.
  6145 | D:7      | Found a hazy altar of Hepliaklqana.
  6280 | D:7      | Reached skill level 5 in Fighting
  6364 | D:7      | Reached XP level 9. HP: 57/68 MP: 11/11
  6398 | D:7      | Found Pucuw's Armour Shoppe.
  6626 | D:7      | Found Asopn's Book Shop.
  6793 | D:7      | Found Epaishe's Distillery.
  6800 | D:7      | Bought a potion of curing for 42 gold pieces
  6800 | D:7      | Bought a potion of curing for 42 gold pieces
  6825 | D:7      | Found a basalt altar of Yredelemnul.
  6954 | D:7      | Noticed a cyclops
  6967 | D:7      | HP: 2/68 [cyclops (11)]
  6968 | D:7      | Killed a cyclops
  6968 | D:7      | Reached ** piety under Okawaru
  6969 | D:7      | Reached skill level 8 in Axes
  6969 | D:7      | Reached skill level 5 in Shields
  6969 | D:7      | Reached skill level 5 in Invocations
  7452 | D:8      | Found a broken altar of Ashenzari.
  7563 | D:8      | Found a staircase to the Lair.
  7612 | D:8      | Found a stormy altar of Qazlal.
  8761 | D:9      | Reached skill level 1 in Stealth
  8771 | D:10     | Entered Level 10 of the Dungeon
  8780 | D:10     | Noticed a troll
  8795 | D:10     | Killed a troll
  8809 | D:10     | Reached skill level 1 in Dodging
  8809 | D:10     | Gained mutation: You are mostly covered in sharp spines.
                  | [demonic ancestry]
  8809 | D:10     | Reached XP level 10. HP: 48/76 MP: 11/14
  8861 | D:10     | Killed from afar by an orc priest

Illustrated notes

Levels and vault maps discovered:
D:1:      amcnicky_arrival_double_pillar, layout_basic, serial_curves,
          eino_curves_03, eino_curves_04, minmay_distorted
D:2:      layout_basic, serial_shops, shop
D:3:      layout_rooms, uniq_crazy_yiuf_cottage, uniq_robin, uniq_terence
D:4:      layout_loops_ring, st_stairs_3, serial_bayou_crossing
D:5:      layout_cave_pods, mainiacjoe_overflow_boulevard
D:6:      layout_rooms, minmay_temple_entry_tees, grunt_ministairs_15,
          nicolae_shop_fire_sale [nicolae_sub_dead_trees]
D:7:      layout_loops_ring, tso_oasis_becter, nicolae_overflow_hidden_temple,
          mainiacjoe_overflow_six_doors_small, serial_shops,
          kennysheep_mini_moat, nicolae_shop_crystal,
          nicolae_shop_competitors_out_of_business, kennysheep_mini,
          hangedman_decor_slide_cut, dk_noncrumbling_4, nrook_loot_triangle,
          minmay_misc_feat_pillars, serial_park_tiny_pond
D:8:      layout_loops_ring, grunt_qazlal_clouds, evilmike_ruin_ashenzari,
          lair_entry_dummy
D:9:      layout_stronghold
D:10:     layout_rooms, enter_bailey_2
Temple:   nicolae_temple_bog_church

Skill      XL: |  1  2  3  4  5  6  7  8  9 |
---------------+----------------------------+-----
Armour         | 3 4 5 6 |  6.2
Axes           | 2 3 4 6 7 8 |  8.9
Shields        | 3 4 5 |  5.7
Fighting       | 4 5 |  5.8
Invocations    | 3 6 |  6.5
Stealth        | 1 |  1.0
Dodging        | 1 |  1.4
Throwing       | |  0.8

Action                     |  1- 3 |  4- 6 |  7- 9 | 10-12 || total
---------------------------+-------+-------+-------+-------++-------
  Melee: War axe           |    91 |   153 |   315 |    17 ||   576
  Throw: Dart              |     3 |       |     4 |     3 ||    10
 Invoke: Heroism           |       |       |     1 |       ||     1
    Use: Scroll            |       |     4 |    12 |       ||    16
         Potion            |       |     1 |     5 |     2 ||     8
 Armour: Scale mail        |    54 |     6 |       |       ||    60
         Plate armour      |       |    88 |   194 |    17 ||   299
         Skin              |       |       |    46 |     6 ||    52
  Dodge: Dodged            |    44 |    43 |    69 |     1 ||   157
  Block: Buckler           |    31 |    73 |   161 |    16 ||   281
